TOP OF THE 1ST |
Wake Forest Demon Deacons batting - Pitching for Boston College Eagles : RHP Phil Ashford
|
Pitching: RHP Phil Ashford
|
|
Batting: RHB Tyler Robinson
|
0-0: Foul Ball, location: 2F 0-1: Foul Ball, location: 2F 0-2: Ball 1-2: Foul Ball, location: 2F 1-2: Ball 2-2: Strikes out looking
|
Batting: RHB Mike Pope
|
0-0: Ball 1-0: Ball 2-0: Called Strike 2-1: SINGLE (Line Drive, 6D)
|
Batting: LHB Don Harris
|
0-0: Ball 1-0: SINGLE (Groundball, 4MD) Mike Pope to second
|
Batting: RHB Jack Hogan
|
0-0: Called Strike 0-1: Ball 1-1: Ball 2-1: Ball 3-1: Fly out, F9 (Flyball, 9LD)
|
Batting: RHB Rob Miller
|
0-0: Ball 1-0: Ball 2-0: Called Strike 2-1: Foul Ball, location: 2F 2-2: Fielders Choice at 2nd, 5-4 (Groundball, 5)
|
Top of the 1st over - 0 runs, 2 hits, 0 errors, 2 left on base; Wake Forest 0 - Boston College 0 |
BOTTOM OF THE 1ST |
Boston College Eagles batting - Pitching for Wake Forest Demon Deacons : RHP Ken Henry
|
Pitching: RHP Ken Henry
|
|
Batting: RHB Jim Banks
|
0-0: Ball 1-0: Ball 2-0: Ball 3-0: Base on Balls
|
Batting: SHB Walt Gómez
|
0-0: Called Strike 0-1: Foul Ball, location: 2F 0-2: Strikes out looking
|
Batting: SHB Marvin MacGeoch
|
0-0: Ball Jim Banks is caught stealing 2nd base 1-0: Ball 2-0: Swinging Strike 2-1: Ground out U3 (Groundball, 3)
|
Bottom of the 1st over - 0 runs, 0 hits, 0 errors, 0 left on base; Wake Forest 0 - Boston College 0 |
TOP OF THE 2ND |
Wake Forest Demon Deacons batting - Pitching for Boston College Eagles : RHP Phil Ashford
|
Batting: RHB Tim Workman
|
0-0: Ball 1-0: Called Strike 1-1: SINGLE (Line Drive, 6)
|
Batting: RHB Leonard Brown
|
0-0: Ball 1-0: SINGLE (Groundball, 56D) Tim Workman to second
|
Batting: LHB Nick Smith
|
0-0: Foul Ball, location: 2F 0-1: Foul Ball, location: 2F 0-2: Ball 1-2: Strikes out swinging
|
Batting: RHB William Hudson
|
0-0: Grounds into double play, 4-6-3 (Groundball, 4)
|
Top of the 2nd over - 0 runs, 2 hits, 0 errors, 1 left on base; Wake Forest 0 - Boston College 0 |
BOTTOM OF THE 2ND |
Boston College Eagles batting - Pitching for Wake Forest Demon Deacons : RHP Ken Henry
|
Batting: RHB Steve Neal
|
0-0: Called Strike 0-1: Called Strike 0-2: Fly out, F7 (Flyball, 7LDF)
|
Batting: SHB Héctor Arteago
|
0-0: Ground out 5-3 (Groundball, 56)
|
Batting: LHB Porter Butler
|
0-0: Ball 1-0: Foul Ball, location: 2F 1-1: Ball 2-1: Fly out, F7 (Flyball, 7D)
|
Bottom of the 2nd over - 0 runs, 0 hits, 0 errors, 0 left on base; Wake Forest 0 - Boston College 0 |
TOP OF THE 3RD |
Wake Forest Demon Deacons batting - Pitching for Boston College Eagles : RHP Phil Ashford
|
Batting: RHB Tyler Robinson
|
0-0: Foul Ball, location: 2F 0-1: Ground out 6-3 (Groundball, 6)
|
Pitching: RHP David Hesketh
|
|
Batting: RHB Mike Pope
|
0-0: Called Strike 0-1: SOLO HOME RUN (Flyball, 78XD), Distance : 378 ft
|
Batting: LHB Don Harris
|
0-0: Fly out, F7 (Flyball, 7S)
|
Batting: RHB Jack Hogan
|
0-0: Called Strike 0-1: Foul Ball, location: 2F 0-2: Ground out 4-3 (Groundball, 4)
|
Top of the 3rd over - 1 run, 1 hit, 0 errors, 0 left on base; Wake Forest 1 - Boston College 0 |
BOTTOM OF THE 3RD |
Boston College Eagles batting - Pitching for Wake Forest Demon Deacons : RHP Ken Henry
|
Batting: RHB Shawn Hanner
|
0-0: Called Strike 0-1: Ball 1-1: Fly out, F8 (Flyball, 78D)
|
Batting: RHB Chris West
|
0-0: Ball 1-0: Ball 2-0: SINGLE (Groundball, 4MD)
|
Batting: RHB Doug Becker
|
0-0: Called Strike 0-1: Swinging Strike 0-2: Ball 1-2: Foul Ball, location: 2F 1-2: Strikes out swinging
|
Batting: RHB Jim Banks
|
0-0: Called Strike 0-1: Swinging Strike 0-2: Ball 1-2: Ball 2-2: Foul Ball, location: 2F 2-2: Reached on error, E6 (Groundball, 6) Chris West to second
|
Batting: SHB Walt Gómez
|
0-0: Ball 1-0: Ball 2-0: Ball 3-0: Base on Balls Chris West to third Jim Banks to second
|
Batting: SHB Marvin MacGeoch
|
0-0: Foul Ball, location: 2F 0-1: Ball Wild Pitch! Chris West scores Jim Banks to third Walt Gómez to second 1-1: Ground out 4-3 (Groundball, 4)
|
Bottom of the 3rd over - 1 run, 1 hit, 1 error, 2 left on base; Wake Forest 1 - Boston College 1 |
TOP OF THE 4TH |
Wake Forest Demon Deacons batting - Pitching for Boston College Eagles : RHP David Hesketh
|
Batting: RHB Rob Miller
|
0-0: SINGLE (Line Drive, 78S)
|
Batting: RHB Tim Workman
|
0-0: Ball 1-0: Called Strike 1-1: Swinging Strike 1-2: Ball 2-2: Ball 3-2: Foul Ball, location: 2F 3-2: DOUBLE (Line Drive, 89M) Rob Miller to third Runner from 3rd tries for Home, SAFE, throw made at trailing runner, OUT at third!
|
Batting: RHB Leonard Brown
|
0-0: Ball 1-0: Foul Ball, location: 2F 1-1: Swinging Strike 1-2: SOLO HOME RUN (Flyball, 7LD), Distance : 327 ft
|
Batting: LHB Nick Smith
|
0-0: Ball 1-0: Ball 2-0: Called Strike 2-1: Foul Ball, location: 2F 2-2: Strikes out swinging
|
Batting: RHB William Hudson
|
0-0: Hit by Pitch
|
Batting: RHB Tyler Robinson
|
0-0: Called Strike 0-1: Ball 1-1: Called Strike 1-2: Strikes out swinging
|
Top of the 4th over - 2 runs, 3 hits, 0 errors, 1 left on base; Wake Forest 3 - Boston College 1 |
BOTTOM OF THE 4TH |
Boston College Eagles batting - Pitching for Wake Forest Demon Deacons : RHP Ken Henry
|
Batting: RHB Steve Neal
|
0-0: Ball 1-0: SINGLE (Groundball, 34S) (infield hit)
|
Batting: SHB Héctor Arteago
|
0-0: Ball 1-0: Foul Ball, location: 2F 1-1: DOUBLE (Groundball, 3L) Steve Neal to third
|
Batting: LHB Porter Butler
|
0-0: Ball 1-0: Ball 2-0: Fly out, F3 (Line Drive, 3)
|
Batting: RHB Shawn Hanner
|
0-0: Ball 1-0: Ground out U3 (Groundball, 3)
|
Batting: RHB Chris West
|
0-0: Ball 1-0: Foul Ball, location: 2F 1-1: Foul Ball, location: 2F 1-2: Foul Ball, location: 2F 1-2: Ground out 5-3 (Groundball, 56)
|
Bottom of the 4th over - 0 runs, 2 hits, 0 errors, 2 left on base; Wake Forest 3 - Boston College 1 |
TOP OF THE 5TH |
Wake Forest Demon Deacons batting - Pitching for Boston College Eagles : RHP David Hesketh
|
Batting: RHB Mike Pope
|
0-0: Foul Ball, location: 2F 0-1: Ball 1-1: Ball 2-1: Ball 3-1: Base on Balls
|
Batting: LHB Don Harris
|
0-0: Ball 1-0: Called Strike 1-1: Grounds into double play, 5-4-3 (Groundball, 5)
|
Batting: RHB Jack Hogan
|
0-0: Swinging Strike 0-1: Swinging Strike 0-2: Strikes out swinging
|
Top of the 5th over - 0 runs, 0 hits, 0 errors, 0 left on base; Wake Forest 3 - Boston College 1 |
BOTTOM OF THE 5TH |
Boston College Eagles batting - Pitching for Wake Forest Demon Deacons : RHP Ken Henry
|
Batting: RHB Doug Becker
|
0-0: Foul Ball, location: 2F 0-1: Swinging Strike 0-2: Ball 1-2: Foul Ball, location: 2F 1-2: Fly out, F9 (Flyball, 9S)
|
Batting: RHB Jim Banks
|
0-0: Foul Ball, location: 2F 0-1: Swinging Strike 0-2: Strikes out swinging
|
Batting: SHB Walt Gómez
|
0-0: Ball 1-0: Swinging Strike 1-1: Ball 2-1: Foul Ball, location: 2F 2-2: Strikes out swinging
|
Bottom of the 5th over - 0 runs, 0 hits, 0 errors, 0 left on base; Wake Forest 3 - Boston College 1 |
TOP OF THE 6TH |
Wake Forest Demon Deacons batting - Pitching for Boston College Eagles : RHP David Hesketh
|
Pitching: RHP Roy McWalter
|
|
Batting: RHB Rob Miller
|
0-0: Ball 1-0: Called Strike 1-1: Foul Ball, location: 2F 1-2: Ball 2-2: Strikes out swinging
|
Batting: RHB Tim Workman
|
0-0: Swinging Strike 0-1: Foul Ball, location: 2F 0-2: Ball 1-2: Foul Ball, location: 2F 1-2: Foul Ball, location: 2F 1-2: Ball 2-2: Foul Ball, location: 2F 2-2: Ball 3-2: SOLO HOME RUN (Flyball, 7D), Distance : 361 ft
|
Batting: RHB Leonard Brown
|
0-0: Swinging Strike 0-1: Ball 1-1: Foul Ball, location: 2F 1-2: Ball 2-2: Strikes out swinging
|
Batting: LHB Nick Smith
|
0-0: Ball 1-0: Ball 2-0: Ball 3-0: Base on Balls
|
Batting: RHB William Hudson
|
0-0: Ball 1-0: Ball 2-0: Swinging Strike 2-1: Foul Ball, location: 2F 2-2: Strikes out swinging
|
Top of the 6th over - 1 run, 1 hit, 0 errors, 1 left on base; Wake Forest 4 - Boston College 1 |
BOTTOM OF THE 6TH |
Boston College Eagles batting - Pitching for Wake Forest Demon Deacons : RHP Ken Henry
|
Batting: SHB Marvin MacGeoch
|
0-0: Called Strike 0-1: Called Strike 0-2: SINGLE (Groundball, 6MD)
|
Batting: RHB Steve Neal
|
0-0: Foul Ball, location: 2F 0-1: Called Strike 0-2: Ball 1-2: Ball 2-2: Strikes out looking
|
Batting: SHB Héctor Arteago
|
0-0: Grounds into double play, 6-4-3 (Groundball, 6)
|
Bottom of the 6th over - 0 runs, 1 hit, 0 errors, 0 left on base; Wake Forest 4 - Boston College 1 |
TOP OF THE 7TH |
Wake Forest Demon Deacons batting - Pitching for Boston College Eagles : RHP Roy McWalter
|
Batting: RHB Tyler Robinson
|
0-0: Ball 1-0: Fly out, F7 (Flyball, 7S)
|
Batting: RHB Mike Pope
|
0-0: Ground out 5-3 (Groundball, 56)
|
Batting: LHB Don Harris
|
0-0: Called Strike 0-1: Ball 1-1: Ball 2-1: Ball 3-1: Base on Balls
|
Batting: RHB Jack Hogan
|
0-0: Called Strike 0-1: Ball 1-1: Fly out, F8 (Flyball, 8RM)
|
Top of the 7th over - 0 runs, 0 hits, 0 errors, 1 left on base; Wake Forest 4 - Boston College 1 |
BOTTOM OF THE 7TH |
Boston College Eagles batting - Pitching for Wake Forest Demon Deacons : RHP Ken Henry
|
Pitching: LHP David Vallabares
|
|
Batting: LHB Porter Butler
|
0-0: Fly out, F8 (Flyball, 8LD)
|
Pitching: RHP Ralph Benson
|
|
Batting: RHB Shawn Hanner
|
0-0: Ball 1-0: Ball 2-0: Foul Ball, location: 2F 2-1: Foul Ball, location: 2F 2-2: Ball 3-2: Base on Balls
|
Batting: RHB Chris West
|
0-0: Ball
|
|
|
|
1-0: Called Strike 1-1: Ball 2-1: Fly out, F8 (Flyball, 78D)
|
Batting: RHB Doug Becker
|
0-0: Ball 1-0: Fly out, F9 (Flyball, 9)
|
Bottom of the 7th over - 0 runs, 0 hits, 0 errors, 1 left on base; Wake Forest 4 - Boston College 1 |
TOP OF THE 8TH |
Wake Forest Demon Deacons batting - Pitching for Boston College Eagles : RHP Roy McWalter
|
Batting: RHB Rob Miller
|
0-0: Ball 1-0: Ball 2-0: Ball 3-0: Called Strike 3-1: Base on Balls
|
Batting: RHB Tim Workman
|
0-0: Ball 1-0: Swinging Strike 1-1: Called Strike 1-2: Strikes out swinging
|
Pitching: LHP Mariano García
|
|
Batting: RHB Leonard Brown
|
0-0: Foul Ball, location: 2F 0-1: Foul Ball, location: 2F 0-2: Ball 1-2: Ball 2-2: 2-RUN HOME RUN (Flyball, 7D), Distance : 344 ft
|
Batting: LHB Nick Smith
|
0-0: Called Strike 0-1: Swinging Strike 0-2: Ball 1-2: Strikes out looking
|
Batting: RHB William Hudson
|
0-0: Called Strike 0-1: Ball 1-1: Ball 2-1: Swinging Strike 2-2: Strikes out swinging
|
Top of the 8th over - 2 runs, 1 hit, 0 errors, 0 left on base; Wake Forest 6 - Boston College 1 |
BOTTOM OF THE 8TH |
Boston College Eagles batting - Pitching for Wake Forest Demon Deacons : RHP Ralph Benson
|
Now at SS: Paul Turner
|
|
Batting: RHB Jim Banks
|
0-0: Swinging Strike 0-1: Ball 1-1: SINGLE (Groundball, 4D)
|
Batting: SHB Walt Gómez
|
0-0: Ball 1-0: Swinging Strike 1-1: Called Strike 1-2: Ball 2-2: Ball 3-2: Base on Balls Jim Banks to second
|
Batting: SHB Marvin MacGeoch
|
0-0: Called Strike 0-1: Ball 1-1: Foul Ball, location: 2F 1-2: Ball 2-2: SINGLE (Flyball, 4D) Jim Banks to third Walt Gómez to second Runner from 3rd tries for Home, SAFE, no throw
|
Batting: RHB Steve Neal
|
0-0: Swinging Strike 0-1: SINGLE (Line Drive, 9LS) Walt Gómez to third Marvin MacGeoch to second Runner from 3rd tries for Home, SAFE, throw made home
|
Pitching: RHP Willie Martínez
|
|
Batting: SHB Héctor Arteago
|
0-0: Called Strike 0-1: Ball 1-1: Ball 2-1: Ball 3-1: Foul Ball, location: 2F 3-2: Base on Balls Marvin MacGeoch to third Steve Neal to second
|
Batting: LHB Porter Butler
|
0-0: Foul Ball, location: 2F 0-1: Swinging Strike 0-2: Ball 1-2: Ball 2-2: Ball 3-2: SINGLE (Groundball, 23) (infield hit) Marvin MacGeoch scores Steve Neal to third Héctor Arteago to second
|
Batting: RHB Shawn Hanner
|
0-0: Called Strike 0-1: Ball 1-1: Called Strike 1-2: Ball 2-2: Fly out, F7 (Line Drive, 7) Runner from 3rd tags up, SCORES, throw made
|
Pinch Hitting: RHB Fernando Rosales
|
0-0: Called Strike 0-1: Ball 1-1: Foul Ball, location: 2F 1-2: Ball 2-2: Ball 3-2: Foul Ball, location: 2F 3-2: Base on Balls Héctor Arteago to third Porter Butler to second
|
Batting: RHB Doug Becker
|
0-0: Foul Ball, location: 2F 0-1: Ball 1-1: Swinging Strike 1-2: Strikes out swinging
|
Batting: RHB Jim Banks
|
0-0: Called Strike 0-1: Called Strike 0-2: Ball 1-2: Foul Ball, location: 2F 1-2: Foul Ball, location: 2F 1-2: Reached on error, E6 (Groundball, 6) Héctor Arteago scores Porter Butler scores Fernando Rosales to third
|
Batting: SHB Walt Gómez
|
0-0: Ball Wild Pitch! Fernando Rosales scores Jim Banks to third 1-0: Swinging Strike 1-1: Foul Ball, location: 2F 1-2: Foul Ball, location: 2F 1-2: Ball 2-2: DOUBLE (Line Drive, 9LS) Jim Banks scores
|
Pitching: RHP Steve Crowe
|
|
Batting: SHB Marvin MacGeoch
|
0-0: Ball 1-0: Ball 2-0: Ball 3-0: Called Strike 3-1: Foul Ball, location: 2F 3-2: Base on Balls
|
Batting: RHB Steve Neal
|
0-0: Foul Ball, location: 2F 0-1: Foul Ball, location: 2F 0-2: Ball 1-2: Ball 2-2: Fly out, F8 (Flyball, 8RM)
|
Bottom of the 8th over - 8 runs, 5 hits, 1 error, 2 left on base; Wake Forest 6 - Boston College 9 |
TOP OF THE 9TH |
Wake Forest Demon Deacons batting - Pitching for Boston College Eagles : LHP Mariano García
|
Pitching: RHP Bob Barry
|
|
Now at 1B: Fernando Rosales
|
|
Batting: RHB Tyler Robinson
|
0-0: Ball 1-0: Ground out 5-3 (Groundball, 56)
|
Batting: RHB Mike Pope
|
0-0: Foul Ball, location: 2F 0-1: Called Strike 0-2: Ball 1-2: Strikes out looking
|
Batting: LHB Don Harris
|
0-0: Called Strike 0-1: Foul Ball, location: 2F 0-2: Ball 1-2: Ball 2-2: Strikes out looking
|
Top of the 9th over - 0 runs, 0 hits, 0 errors, 0 left on base; Wake Forest 6 - Boston College 9 |
|
Saturday, April 7th, 2018 - OOTP Baseball 18.8 Build 76
|
|